 Dungeon Crawl Stone Soup version 0.31.0-9-g3a7656b989 (webtiles) character file.

Game seed: 6224875457706385308

100 qw the Shooter (level 4, 0/25 HPs)
             Began as a Deep Elf Hunter on Feb 2, 2024.
             Slain by a gnoll
             ... wielding a +0 spear
              (7 damage)
             ... on level 3 of the Dungeon.
             The game lasted 00:00:04 (1221 turns).

qw the Shooter (Deep Elf Hunter)                    Turns: 1221, Time: 00:00:05

Health: 0/25       AC:  5    Str: 10    XL:     4   Next: 47%
Magic:  6/6        EV: 12    Int: 14    God:
Gold:   81         SH:  5    Dex: 18    Spells: 3/3 levels left

rFire   . . .        a - +0 shortbow
rCold   . . .        (shield currently unavailable)
rNeg    . . .        h - +2 leather armour {rPois}
rPois   +            (no helmet)
rElec   .            (no cloak)
rCorr   .            (no gloves)
SInv    .            (no boots)
Will    .....        c - amulet of reflection
Stlth   ++           (no ring)
HPRegen 0.24/turn    (no ring)
MPRegen 0.10/turn

%: reflection
@: no status effects
A: no striking features
a: no special abilities


You were on level 3 of the Dungeon.
You visited 1 branch of the dungeon, and saw 3 of its levels.

You collected 81 gold pieces.


   Skills:
 - Level 1.5 Fighting
 + Level 7.9 Ranged Weapons
 - Level 2.4 Dodging
 - Level 1.2 Stealth


You had 3 spell levels left.
You didn't know any spells.
Your spell library was empty.

Inventory:

Hand Weapons
 a - a +0 shortbow (weapon)
Armour
 h - a +2 leather armour of poison resistance (worn)
Jewellery
 c - an amulet of reflection (around neck)
Potions
 b - a potion of heal wounds
 d - a potion of mutation
 e - a potion of might

Dungeon Overview and Level Annotations

Branches:
Dungeon (3/15)

Altars:


Message History

The arrow hits the hobgoblin but does no damage.
The hobgoblin closely misses you. The gnoll barely misses you.
The gnoll closely misses you. The hobgoblin barely misses you.
You shoot an arrow. The arrow hits the hobgoblin.
The hobgoblin is almost dead.
The gnoll hits you from afar with a +0 spear.
The gnoll closely misses you. You block the hobgoblin's attack.
You shoot an arrow.
The arrow hits the hobgoblin but does no damage.
The hobgoblin is almost dead.
The gnoll hits you from afar with a +0 spear.
The gnoll hits you from afar with a +0 halberd!
The hobgoblin barely misses you.
1215 ||| DRINKING 2 potions of heal wounds.
You feel much better. You block the gnoll's attack. The hobgoblin misses you.
The gnoll hits you from afar with a +0 halberd.
You shoot an arrow. The arrow barely misses the hobgoblin.
The arrow hits the gnoll.
The gnoll is almost dead.
The gnoll barely misses you. x2; The hobgoblin hits you.
You shoot an arrow. The arrow hits the hobgoblin!
You kill the hobgoblin!
The gnoll barely misses you. The gnoll closely misses you.
The gnoll hits you but does no damage.
You shoot an arrow.
The arrow hits the gnoll but does no damage.
The gnoll closely misses you.
The gnoll hits you but does no damage. x2
You shoot an arrow. The arrow barely misses the gnoll.
The gnoll misses you. The gnoll closely misses you.
The gnoll barely misses you.
You shoot an arrow.
The arrow hits the gnoll but does no damage.
The gnoll hits you from afar with a +0 halberd.
The gnoll hits you from afar with a +0 spear.
You block the gnoll's attack.
You shoot an arrow. The arrow hits the gnoll!
The gnoll is heavily wounded.
The gnoll closely misses you.
The gnoll hits you from afar with a +0 spear!
You die...

.. ..# ..... #+#.
..##.......#
#.#.###..........#
##.......#........#
.................#
...............)..#
#.............gg....#
#............g%)....#
#..........#<.@..##
#..........#####.#
#..........## #
#...........#
#...........# ##
#####...#.# <#
####.#.### .#
#.%..#..#
'#####.#######


You could see 3 gnolls.

Vanquished Creatures
  3 gnolls (D:3)
  2 adders (D:2)
  A dart slug (D:1)
  A ball python (D:2)
  3 bats (D:1)
  4 endoplasms
  4 giant cockroaches
  4 goblins
  7 hobgoblins
  4 jackals (D:1)
  2 quokkas (D:2)
  4 frilled lizards
  7 kobolds
46 creatures vanquished.

Notes
Turn   | Place    | Note
-------+----------+-------------------------------------------
     0 | D:1      | qw the Deep Elf Hunter began the quest for the Orb.
     0 | D:1      | Reached XP level 1. HP: 12/12 MP: 3/3
     0 | D:1      | 0 ||| qw: Version: 0.3-a-155-g5e7d8dd
     0 | D:1      | 0 ||| qw: Game counter: 1391
     0 | D:1      | 0 ||| qw: Melee chars always use a shield: true
     0 | D:1      | 0 ||| qw: God list: Okawaru
     0 | D:1      | 0 ||| qw: Allow faded altars: false
     0 | D:1      | 0 ||| qw: Do Orc after clearing Dungeon:15 true
     0 | D:1      | 0 ||| qw: Do second Lair branch before Depths: true
     0 | D:1      | 0 ||| qw: Lair rune preference: random
     0 | D:1      | 0 ||| qw: Goals: Normal
     0 | D:1      | 0 ||| PLANNING D:1-11
   219 | D:1      | Reached XP level 2. HP: 16/16 MP: 4/4
   222 | D:1      | Reached skill level 6 in Ranged Weapons
   296 | D:1      | Reached XP level 3. HP: 20/20 MP: 5/5
   715 | D:1      | 715 ||| UPGRADING to +2 leather armour of poison
                  | resistance.
   725 | D:1      | 725 ||| DROPPING +0 leather armour.
   726 | D:1      | 726 ||| READING scroll labelled QOUSOB GOHUPAXKAU.
   727 | D:1      | 727 ||| READING 3 scrolls labelled BAQAUPR RUIZ ROA.
   727 | D:1      | 727 ||| IDENTIFYING metallic clear potion
   728 | D:1      | 728 ||| READING 2 scrolls of identify.
   728 | D:1      | 728 ||| IDENTIFYING bubbling orange potion
   729 | D:1      | 729 ||| DROPPING scroll of butterflies.
   730 | D:1      | 730 ||| DROPPING potion of ambrosia.
   783 | D:2      | Identified the +8 whip of Moghe {flame, Int+4}
   815 | D:2      | Reached skill level 7 in Ranged Weapons
  1118 | D:2      | 1118 ||| UPGRADING to amulet of reflection.
  1123 | D:2      | 1123 ||| READING 2 scrolls of identify.
  1123 | D:2      | 1123 ||| IDENTIFYING bubbling ruby potion
  1124 | D:2      | 1124 ||| READING scroll of identify.
  1124 | D:2      | 1124 ||| IDENTIFYING 2 purple potions
  1125 | D:2      | 1125 ||| READING scroll labelled FUFILU UB SOME.
  1162 | D:3      | Reached XP level 4. HP: 25/25 MP: 6/6
  1214 | D:3      | HP: 2/25 [gnoll/+0 halberd (7)]
  1215 | D:3      | 1215 ||| DRINKING 2 potions of heal wounds.
  1221 | D:3      | Slain by a gnoll

Levels and vault maps discovered:
D:1:      scummos_arrival_gate, layout_loops_ring
D:2:      layout_rooms
D:3:      layout_basic, marbit_many_paths, nemelex_spade_bored_becter,
          minmay_bisected

Skill      XL: |  1  2  3 |
---------------+----------+-----
Ranged Weapons | 6 7 |  7.9
Fighting       | |  1.5
Dodging        | |  2.4
Stealth        | |  1.2

Action                     |  1- 3 |  4- 6 || total
---------------------------+-------+-------++-------
   Fire: Shortbow          |   103 |    32 ||   135
    Use: Scroll            |     6 |       ||     6
         Potion            |       |     1 ||     1
 Armour: Leather armour    |    26 |    17 ||    43
  Dodge: Dodged            |    35 |    23 ||    58
  Block: Other             |       |     5 ||     5

Table legend:
 A = Non-vault XP
 B = Vault XP
 C = Vault XP percentage of total XP
 D = Non-vault monster count
 E = Vault monster count
 F = Vault count percentage of total count
                 A         B        C        D         E       F
            +---------+---------+-------+---------+---------+-------
      Total |     144 |       0 |   0.0 |      46 |       0 |   0.0
            +---------+---------+-------+---------+---------+-------
        D:1 |      49 |       0 |   0.0 |      26 |       0 |   0.0
        D:2 |      47 |       0 |   0.0 |      14 |       0 |   0.0
        D:3 |      48 |       0 |   0.0 |       6 |       0 |   0.0
            +---------+---------+-------+---------+---------+-------
